 Dungeon Crawl Stone Soup version 0.18.1-48-g4cf74bf (webtiles) character file.

60 PrikolusRex the Grave Robber (level 3, 0/19 HPs)
             Began as a Deep Elf Necromancer on Sept 1, 2016.
             Was an Initiate of Vehumet.
             Slain by a quokka zombie (4 damage)
             ... on level 3 of the Dungeon.
             The game lasted 00:18:14 (2205 turns).

PrikolusRex the Grave Robber (Deep Elf Necromancer) Turns: 2205, Time: 00:18:15

Health: 0/19       AC:  2    Str: 10    XL:     3   Next: 80%
Magic:  3/10       EV: 13    Int: 20    God:    Vehumet [......]
Gold:   47         SH:  0    Dex: 15    Spells: 4 memorised, 1 level left

rFire  . . .     SeeInvis .     h - +0 whip
rCold  . . .     Gourm    .     a - +0 robe
rNeg   . . .     Faith    .     (no shield)
rPois  .         Spirit   .     (no helmet)
rElec  .         Dismiss  .     (no cloak)
rCorr  .         Reflect  .     (no gloves)
SustAt .         Harm     .     (no boots)
MR     .....                    (no amulet)
Stlth  ++........               (no ring)
                                (no ring)

@: mighty, not resistant to hostile enchantments, unstealthy
A: no striking features
a: Renounce Religion


You were on level 3 of the Dungeon.
You worshipped Vehumet.
Vehumet was noncommittal.
You were not hungry.

You visited 1 branch of the dungeon, and saw 3 of its levels.

You collected 47 gold pieces.

Inventory:

Hand Weapons
 h - a +0 whip (weapon)
Armour
 a - a +0 robe (worn)
Scrolls
 d - 2 scrolls of remove curse {unknown}
 e - 3 scrolls of identify {unknown}
 g - a scroll of amnesia {unknown}
Potions
 j - a potion of brilliance {unknown}
Books
 b - a book of Necromancy

   Spells                             Type                      Level
   a - Pain                           Necromancy                   1
   b - Animate Skeleton               Necromancy                   1
   c - Vampiric Draining              Necromancy                   3
   d - Regeneration                   Charms/Necromancy            3
   e - Animate Dead                   Necromancy                   4
   f - Control Undead                 Necromancy                   4
Comestibles
 c - 6 chunks of flesh
 i - a bread ration


   Skills:
 + Level 0.1 Fighting
 + Level 2.8 Dodging
 + Level 2.6 Stealth
 + Level 3.5 Spellcasting
 + Level 6.0 Necromancy


You had one spell level left.
You knew the following spells:

 Your Spells              Type           Power        Failure   Level  Hunger
a - Pain                  Necr           ####         1%          1    None
b - Animate Skeleton      Necr           N/A          1%          1    None
c - Regeneration          Chrm/Necr      ###.......   14%         3    ###....
d - Vampiric Draining     Necr           ####......   4%          3    ###....


Dungeon Overview and Level Annotations

Branches:
Dungeon (3/15)

Altars:
Vehumet


Message History

Casting: Pain
Confirm with . or Enter, or press ? or * to list all spells.
Aiming: Pain
Press: ? - help, Shift-Dir - straight line, f/p - quokka zombie
Aim: a quokka zombie (not susceptible)
The quokka zombie is unaffected.
The quokka zombie misses you.
Casting: Pain
Confirm with . or Enter, or press ? or * to list all spells.
Aiming: Pain
Press: ? - help, Shift-Dir - straight line, f/p - quokka zombie
Aim: a quokka zombie (not susceptible)
The quokka zombie is unaffected.
The rat bites you. The hobgoblin hits you with a club.
The quokka zombie closely misses you.
Drink which item? (? for menu, Esc to quit)
It was a potion of might.
You feel very mighty all of a sudden. The rat bites you.
* * * LOW HITPOINT WARNING * * *
The hobgoblin misses you. The quokka zombie bites you.
You die...

#########?
######.........
####....#.........
........#.........
#####..§..#.........
#.....§§§.+..g......
###.._....@Z......
#..†§§§....r......
###.#..)..§.#.........
#..........######.....
#.#.#####.>...........
#........###### ....
#####.........###...
#.##...........<..
#.#(....#.###.#..


You could see a quokka zombie, a hobgoblin and a rat.

Vanquished Creatures
  An adder (D:2)
  A worm (D:2)
  2 dart slugs (D:1)
  A giant gecko (D:1)
  2 bats
  A giant cockroach (D:1)
  3 goblins
  3 hobgoblins
  3 jackals (D:1)
  6 kobolds
  3 quokkas
  2 giant newts
  5 rats
33 creatures vanquished.

Vanquished Creatures (collateral kills)
  An adder (D:2)
  A bat (D:2)
2 creatures vanquished.

Vanquished Creatures (others)
  A worm (D:3)
1 creature vanquished.

Grand Total: 36 creatures vanquished

Notes
Turn   | Place    | Note
--------------------------------------------------------------
     0 | D:1      | PrikolusRex the Deep Elf Necromancer began the quest for the Orb.
     0 | D:1      | Reached XP level 1. HP: 10/10 MP: 6/6
     6 | D:1      | Learned a level 1 spell: Animate Skeleton
    57 | D:1      | Reached skill level 5 in Necromancy
    79 | D:1      | Reached XP level 2. HP: 3/15 MP: 0/8
  1543 | D:2      | Reached XP level 3. HP: 16/19 MP: 5/9
  1561 | D:2      | Learned a level 3 spell: Regeneration
  1565 | D:2      | Learned a level 3 spell: Vampiric Draining
  2153 | D:3      | Reached skill level 6 in Necromancy
  2184 | D:3      | Found a radiant altar of Vehumet.
  2194 | D:3      | Became a worshipper of Vehumet
  2205 | D:3      | Slain by a quokka zombie

Skill      XL: |  1  2  3 |
---------------+----------+-----
Necromancy     | 5 6 |  6.0
Fighting       | |  0.1
Dodging        | |  2.8
Stealth        | |  2.6
Spellcasting   | |  3.5

Action                   || total
-------------------------++-------
Melee: Unarmed           ||     9
       Whip              ||    12
 Cast: Pain              ||    50
       Animate Skeleton  ||    11
       Vampiric Draining ||     2
       Regeneration      ||     1
  Use: Potion            ||     1
 Stab: Distracted        ||     1
       Sleeping          ||     1
  Eat: Bread ration      ||     1
Armor: Robe              ||     6
Dodge: Dodged            ||    28
